 Dungeon Crawl Stone Soup version 0.28.0-49-g6dfe1f597d (webtiles) character file.

Game seed: 559635412940922745

1743 101zpm the Thaumaturge (level 9, -6/55 HPs)
             Began as a Djinni Fire Elementalist on May 11, 2022.
             Was an Initiate of Hepliaklqana.
             Mangled by a killer bee (7 damage)
             ... on level 8 of the Dungeon.
             The game lasted 00:15:09 (8885 turns).

101zpm the Thaumaturge (Djinni Fire Elementalist)   Turns: 8885, Time: 00:15:09

Health: -6/55      AC:  2    Str:  7    XL:     9   Next: 26%
Gold:   143        EV: 13    Int: 23    God:    Hepliaklqana [......] SH:  0 Dex: 18

rFire   + + .      SeeInvis .   q - +7 trident of the Pits of Slime {pain, Int+3 Dex+3}
rCold   x . .      Faith    .   (no shield)
rNeg    . . .      Spirit   .   a - +0 robe
rPois   ∞          Reflect  .   (no helmet)
rElec   .          Harm     .   (no cloak)
rCorr   .          Rampage  .   (no gloves)
Will    .....                   (boots unavailable)
Stlth   +++.......              (no amulet)
HPRegen 0.18/turn               (no ring)
MPRegen 0.00/turn               (no ring)

@: flying
A: sickness immunity, fire resistance 2, cold vulnerability 1, float, innate
caster, HP casting, extra vitality 1
a: Renounce Religion


You were on level 8 of the Dungeon.
You worshipped Hepliaklqana.
Hepliaklqana was noncommittal.
You visited 2 branches of the dungeon, and saw 9 of its levels.

You collected 225 gold pieces.
You spent 82 gold pieces at shops.

Inventory:

Hand Weapons
 q - the +7 trident of the Pits of Slime (weapon) {pain, Int+3 Dex+3}
   (You found it on level 5 of the Dungeon)

   In the hands of one skilled in necromantic magic, it inflicts extra damage on
   living creatures.
   Your inability to study Necromancy prevents you from drawing on the full
   power of this weapon.
   Int:       It affects your intelligence (+3).
   Dex:       It affects your dexterity (+3).
Armour
 a - a +0 robe (worn)
Wands
 o - a wand of acid (8)
Scrolls
 c - 2 scrolls of amnesia
 e - a scroll of brand weapon
 g - a scroll of fear
 h - a scroll of blinking
 i - 3 scrolls of teleportation {unknown}
 j - a scroll of enchant weapon {unknown}
 k - a scroll of fog {unknown}
 l - 3 scrolls of identify
 r - 3 scrolls of vulnerability {unknown}
 s - a scroll of magic mapping
Potions
 b - 7 potions of curing {unknown}
 d - 2 potions of heal wounds {unknown}
 f - a potion of cancellation {unknown}
 m - 2 potions of invisibility {unknown}
 n - a potion of mutation {unknown}
 p - a potion of ambrosia {unknown}


   Skills:
 + Level 2.7 Dodging
 + Level 3.2 Stealth
 + Level 8.6 Spellcasting


You had 2 spell levels left.
You knew the following spells:

 Your Spells              Type           Power      Damage    Failure   Level
a - Foxfire               Conj/Fire      100%       2x1d9     1%          1
b - Scorch                Fire           100%       2d10      1%          2
c - Conjure Flame         Conj/Fire      50%        6-21      1%          3
d - Inner Flame           Hex/Fire       50%        N/A       1%          3
e - Flame Wave            Conj/Fire      50%        2d10      1%          4
f - Beastly Appendage     Tmut           100%       N/A       1%          1
g - Call Imp              Summ           50%        N/A       1%          2
h - Stone Arrow           Conj/Erth      100%       3d13      1%          3
i - Fulminant Prism       Conj/Hex       25%        3d14      1%          4
Your spell library was empty.

Dungeon Overview and Level Annotations

Branches:
Dungeon (8/15)             Temple (1/1) D:5
   Lair: D:8-11

Altars:
Ashenzari
Cheibriados
Dithmenos
Elyvilon
Fedhas
Gozag
Hepliaklqana
Kikubaaqudgha
Makhleb
Nemelex Xobeh
Okawaru
Qazlal
Ru
Sif Muna
Uskayaw
Vehumet
Wu Jian
Xom
Yredelemnul
Zin
The Shining One

Shops:
D:7 (?:

Annotations:
D:2 1 runed translucent door, Crazy Yiuf
D:4 3 runed translucent doors, 101zpm's ghost, amateur DjFE


Innate Abilities, Weirdness & Mutations

You are immune to sickness and miasma.
You are immune to poison.
Your flesh is very heat resistant. (rF++)
You are vulnerable to cold. (rC-)
You float through the air rather than walking.
You learn spells naturally, not from books.
Your magical power is your life essence.
You have superior vitality. (+4 MHP)


Message History

A yak comes into view.
A killer bee comes into view.
An orc comes into view. It is wielding a +0 mace.
Casting: Foxfire (safe; 1% risk of failure)
Confirm with . or Enter, or press ? or * to list all spells.
Aiming: Inner Flame (safe; 1% risk of failure)
Press: ? - help, Dir - move target, f - orc
Aim: an orc, wielding a +0 mace (chance to affect: 98%)
The orc is filled with an inner flame.
The foxfire hits the killer bee but does no damage.
The foxfire hits the killer bee.
The killer bee is moderately wounded.
The foxfire hits the killer bee.
The killer bee is heavily wounded.
The foxfire hits the killer bee.
The killer bee is severely wounded.
A yak comes into view.
Casting: Inner Flame (safe; 1% risk of failure)
Confirm with . or Enter, or press ? or * to list all spells.
Aiming: Inner Flame (safe; 1% risk of failure)
Press: ? - help, Dir - move target, f - yak, p - orc
Aim: a yak (chance to affect: 93%)
The yak is filled with an inner flame.
The killer bee closely misses you.
A yak comes into view.
The killer bee stings you.
Casting: Inner Flame (safe; 1% risk of failure)
Confirm with . or Enter, or press ? or * to list all spells.
The fire begins to smoulder!
The killer bee closely misses you.
A yak comes into view.
The killer bee closely misses you.
Casting: Conjure Flame (safe; 1% risk of failure)
Confirm with . or Enter, or press ? or * to list all spells.
The fire ignites!
The yak bellows!
You are engulfed in blazing flames.
You resist.
* * * LOW HITPOINT WARNING * * *
The killer bee stings you!
* * * LOW HITPOINT WARNING * * *
The killer bee completely misses you. x2; The killer bee misses you.
The killer bee stings you!
You die... ....Y. ..☼.Y. #...)). ##..). ..# ..oYY

.#........ ###..#
#.......#.##.#y.#
###......##....@y.##
#........###...#y..#
.........# #.####.##
.........###..#....#
...................##.
............##.#.....#
.......<.#####..........
.........# #............
........## ##..#......##


You could see 4 yaks, 3 killer bees and an orc (inner flame).

Vanquished Creatures
  Duvessa (D:7)
  A water moccasin (D:7)
  A hornet zombie (D:4)
  A necrophage (D:5)
  A centaur (D:8)
  Blork the orc (D:4)
  A scorpion (D:4)
  A gnoll sergeant (D:7)
  Dowan (D:7)
  3 killer bees (D:8)
  4 wights (D:7)
  A howler monkey (D:5)
  2 hounds
  4 orc priests
  3 iguanas
  3 orc wizards
  A hound skeleton (D:4)
  17 gnolls
  A howler monkey skeleton (D:4)
  7 adders
  A white imp (D:4)
  An adder skeleton (D:4)
  4 worms
  3 dart slugs
  14 orcs
  7 endoplasms
  11 giant cockroaches
  11 goblins
  7 hobgoblins
  2 jackals (D:2)
  6 kobolds
  3 ball pythons
  2 bats (D:1)
  A frilled lizard (D:3)
  6 rats
134 creatures vanquished.

Vanquished Creatures (others)
  652 foxfires
652 creatures vanquished.

Grand Total: 786 creatures vanquished

Notes
Turn   | Place    | Note
-------+----------+-------------------------------------------
     0 | D:1      | 101zpm the Djinni Fire Elementalist began the quest for the
                  | Orb.
     0 | D:1      | Reached XP level 1. HP: 15/15 MP: 0/0
   244 | D:1      | Found a faded altar of an unknown god.
   350 | D:1      | Reached XP level 2. HP: 16/21 MP: 0/0
   479 | D:2      | Reached skill level 3 in Spellcasting
   481 | D:2      | Reached XP level 3. HP: 21/25 MP: 0/0
   481 | D:2      | Learned a level 1 spell: Beastly Appendage
   671 | D:2      | Reached XP level 4. HP: 18/31 MP: 0/0
  1499 | D:2      | Reached XP level 5. HP: 29/35 MP: 0/0
  1499 | D:2      | Learned a level 2 spell: Call Imp
  1738 | D:2      | Reached skill level 4 in Spellcasting
  2417 | D:2      | Found a runed translucent door.
  2418 | D:2      | Noticed Crazy Yiuf
  2969 | D:3      | Reached XP level 6. HP: 11/40 MP: 0/0
  3628 | D:3      | Identified the +6 dagger of Saocuj {vorpal, Dex+7}
  3710 | D:3      | Reached skill level 5 in Spellcasting
  4908 | D:4      | Reached XP level 7. HP: 38/45 MP: 0/0
  4908 | D:4      | Learned a level 3 spell: Stone Arrow
  5550 | D:4      | Noticed Blork the orc
  5554 | D:4      | Killed Blork the orc
  5555 | D:4      | Reached skill level 6 in Spellcasting
  5731 | D:4      | Found a runed translucent gate.
  5733 | D:4      | Found a runed translucent gate.
  5748 | D:4      | Found a runed translucent gate.
  5750 | D:4      | Noticed 101zpm's ghost (amateur DjFE)
  6165 | D:5      | Entered Level 5 of the Dungeon
  6243 | D:5      | Reached XP level 8. HP: 43/50 MP: 0/0
  6694 | D:5      | Found a staircase to the Ecumenical Temple.
  6706 | D:5      | Identified the +7 trident of the Pits of Slime {pain, Int+3
                  | Dex+3}
  6724 | D:5      | Reached skill level 7 in Spellcasting
  6979 | Temple   | Entered the Ecumenical Temple
  7123 | Temple   | Became a worshipper of Hepliaklqana the Forgotten
  8531 | D:7      | Found Qeapeel's Weapon Emporium.
  8542 | D:7      | Noticed Dowan
  8546 | D:7      | Noticed Duvessa
  8549 | D:7      | Killed Dowan
  8552 | D:7      | Killed Duvessa
  8553 | D:7      | Reached skill level 8 in Spellcasting
  8553 | D:7      | Reached XP level 9. HP: 27/55 MP: 0/0
  8553 | D:7      | Learned a level 4 spell: Fulminant Prism
  8803 | D:7      | Found Pozosuin's Magic Scroll Shop.
  8823 | D:7      | Bought a scroll of identify for 30 gold pieces
  8823 | D:7      | Bought a scroll of magic mapping for 52 gold pieces
  8838 | D:7      | Found Dunemeir's Book Shoppe.
  8885 | D:8      | HP: 1/55 [killer bee (9)]
  8885 | D:8      | Mangled by a killer bee

Illustrated notes

Levels and vault maps discovered:
D:1:      lightli_arrival_quake, layout_loops_cross,
          hellmonk_ecumenical_altar_run_dry, nrook_campfire
D:2:      layout_basic, minmay_misc_feat_encased, minmay_worlds_worst_comb,
          uniq_crazy_yiuf_cottage
D:3:      layout_loops_ring, fountainhead, minmay_cupped
D:4:      layout_loops_cross, gammafunk_ghost_necromancy,
          minmay_misc_feat_plants, uniq_blork_the_orc
D:5:      layout_gridville, minmay_temple_entry_drinking_statues
D:6:      layout_basic, grunt_decor_cap, uniq_grinder, uniq_prince_ribbit1
D:7:      layout_basic, serial_shops, nicolae_diamond_shop, shop_statue, shop,
          shop, nicolae_shop_bloodbath_and_beyond, ebering_ghost_rock_garden,
          uniq_maggie, uniq_duvessa, uniq_menkaure
D:8:      layout_cave_pools, serial_shops, shop_fountains, shop,
          nicolae_shop_hallway_plus, nicolae_shop_waterfront,
          minmay_shop_enchanted_jewellery
Temple:   dpeg_three_leaves_temple

Skill      XL: |  1  2  3  4  5  6  7  8 |
---------------+-------------------------+-----
Spellcasting   | 3 4 5 6 8 |  8.6
Stealth        | 2 3 |  3.2
Dodging        | |  2.7

Action                   |  1- 3 |  4- 6 |  7- 9 || total
-------------------------+-------+-------+-------++-------
Melee: Trident           |       |       |     2 ||     2
 Cast: Foxfire           |    28 |   211 |   192 ||   431
       Scorch            |     7 |    17 |    17 ||    41
       Inner Flame       |     2 |    10 |    37 ||    49
       Conjure Flame     |       |       |     2 ||     2
  Use: Scroll            |       |       |     4 ||     4
 Stab: Sleeping          |       |       |     1 ||     1
Armor: Robe              |     1 |       |       ||     1
Dodge: Dodged            |     6 |     2 |     8 ||    16
